 Dungeon Crawl Stone Soup version 0.28-a0-1594-ga885d4b3d6 (webtiles) character file.

Game seed: 8737865182544566806

14 lonewolfV2 the Poker (level 2, 0/22 HPs)
             Began as a Merfolk Gladiator on Jan 20, 2022.
             Frozen to death by an endoplasm (2 damage)
             ... on level 1 of the Dungeon.
             The game lasted 00:00:31 (502 turns).

lonewolfV2 the Poker (Merfolk Gladiator)             Turns: 502, Time: 00:00:32

Health: 0/22       AC:  4    Str: 14    XL:     2   Next: 41%
Magic:  2/2        EV: 13    Int:  7    God:
Gold:   0          SH:  0    Dex: 15    Spells: 1/1 levels left

rFire   . . .      SeeInvis .   a - +0 trident
rCold   . . .      Faith    .   (no shield)
rNeg    . . .      Spirit   .   b - +0 leather armour
rPois   .          Reflect  .   c - +0 helmet
rElec   .          Harm     .   (no cloak)
rCorr   .          Rampage  .   (no gloves)
Will    .....                   (no boots)
Stlth   +.........              (no amulet)
HPRegen 0.07/turn               (no ring)
MPRegen 0.08/turn               (no ring)

@: no status effects
A: (nimble swimmer 2), mertail
a: no special abilities


You were on level 1 of the Dungeon.
You visited 1 branch of the dungeon, and saw 1 of its levels.

Inventory:

Hand Weapons
 a - a +0 trident (weapon)
Missiles
 d - 3 throwing nets (quivered)
Armour
 b - a +0 leather armour (worn)
 c - a +0 helmet (worn)


   Skills:
 + Level 2.2 Fighting
 + Level 4.7 Polearms
 + Level 2.0 Throwing
 + Level 4.7 Dodging


You had one spell level left.
You didn't know any spells.
Your spell library was empty.

Dungeon Overview and Level Annotations

Branches:
Dungeon (1/15)

Altars:


Innate Abilities, Weirdness & Mutations

((You are very nimble when in or above water. (Stealth+, EV+, Speed+++)))
Your lower body shifts to a powerful aquatic tail in water.


Message History

You barely miss the jackal.
The endoplasm quivers.
The jackal bites you but does no damage.
The giant cockroach closely misses you. The jackal closely misses you.
You puncture the jackal!
You kill the jackal!
The jackal misses you. The giant cockroach misses you.
The endoplasm freezes you.
You are frozen.
The jackal bites you.
You hit the endoplasm.
The endoplasm is almost dead.
The giant cockroach barely misses you. The endoplasm misses you.
The endoplasm freezes you.
You are frozen.
The jackal bites you but does no damage.
The giant cockroach waves its antennae.
The giant cockroach closely misses you.
You puncture the endoplasm!
You kill the endoplasm!
The jackal bites you.
The endoplasm hits you but does no damage.
The giant cockroach barely misses you.
You puncture the endoplasm!
You kill the endoplasm!
The jackal misses you. The endoplasm closely misses you.
The giant cockroach bites you.
The jackal bites you but does no damage.
The endoplasm misses you. The jackal completely misses you.
You see here a jackal corpse.
The jackal bites you.
* * * LOW HITPOINT WARNING * * *
The endoplasm freezes you.
You are frozen.
* * * LOW HITPOINT WARNING * * *
The jackal bites you but does no damage.
The giant cockroach bites you but does no damage.
You barely miss the giant cockroach. The endoplasm freezes you.
You are frozen.
You die...

###.###.#
#...[........
#....#....#
####.......#.
#.###.###.#
#######.#
###.###.###.##
#.....#.##...##
#.###.#.#.....##
...
#.†........###
###
#.#..h.......#
...#..B@....#
####.#.J....##
..###.........
### ..#.#.##.#
.##...... . #.
#.####. # ## #


You could see an endoplasm, a jackal and a giant cockroach.

Vanquished Creatures
  A dart slug (D:1)
  4 endoplasms (D:1)
  A hobgoblin (D:1)
  A jackal (D:1)
  2 bats (D:1)
  A frilled lizard (D:1)
10 creatures vanquished.

Notes
Turn   | Place    | Note
-------+----------+-------------------------------------------
     0 | D:1      | lonewolfV2 the Merfolk Gladiator began the quest for the
                  | Orb.
     0 | D:1      | Reached XP level 1. HP: 16/16 MP: 1/1
    94 | D:1      | Reached XP level 2. HP: 2/22 MP: 2/2
   502 | D:1      | Frozen to death by an endoplasm

Illustrated notes

Levels and vault maps discovered:
D:1:      minmay_arrival_diagonal_passages, layout_loops_ring

Action                   || total
-------------------------++-------
Melee: Trident           ||    27
       Punch             ||     1
Armor: Leather armour    ||    17
Dodge: Dodged            ||    25

Table legend: (Time is in decaauts)
 A = Elapsed time spent in this place.
 B = Non-inter-level travel time spent in this place.
 C = Inter-level travel time spent in this place.
 D = Time resting spent in this place.
 E = Time spent auto-exploring this place.
 F = Levels seen in this place.
 G = Mean time per level.
                   A        B        C        D        E       F      G
               +--------+--------+--------+--------+--------+-----+--------+
         Total |    504 |    504 |      0 |    380 |     51 |   1 |  504.0 |
       Dungeon |    504 |    504 |      0 |    380 |     51 |   1 |  504.0 |
               +--------+--------+--------+--------+--------+-----+--------+

Top non-repeatable levels by time:
     D:1: 504 daAuts
